Map: Backwater LE

Players

axu

  • Race: Protoss Protoss
  • League: Platinum
  • Spawn Location: 5:00

StormInWorld - Winner!

  • Race: Zerg Zerg
  • League: Platinum
  • Spawn Location: 11:00

VOD

Have the link to the VOD?

Description

Time

  • Played on: April 1, 2018, 9:58 a.m.
  • Length: 10:16
Show
View Real Time Build Order
Export as new Build Order

axu Protoss 

Build Orders: 1 Gate Expand, Oracle Opening 

Get SALT Encoding   

  12  0:01  Probe  
  14  0:14  Probe  
  14  0:24  Pylon  
  14  0:26  Probe  
  15  0:42  Probe  
  16  0:46  Gateway  
  16  0:54  Probe (Chrono Boost)  
  16  0:56  Assimilator  
  17  1:06  Probe (Chrono Boost)  
  18  1:12  Probe (Chrono Boost)  
  19  1:20  Probe  
  20  1:36  Nexus  
  20  1:40  Probe  
  20  1:41  Cybernetics Core  
  20  1:46  Assimilator  
  21  1:50  Pylon  
  21  2:10  Probe (Chrono Boost)  
  22  2:22  Probe (Chrono Boost)  
  23  2:23  Warp Gate  
  23  2:24  Adept  
  25  2:32  Probe (Chrono Boost)  
  26  2:41  Probe  
  27  2:45  Stargate  
  27  2:48  Probe  
  28  2:53  Probe  
  29  3:04  Probe  
  29  3:11  Probe (Chrono Boost)  
  30  3:16  Gateway x2  
  30  3:22  Probe (Chrono Boost)  
  30  3:24  Probe (Chrono Boost)  
  32  3:28  Oracle  
  32  3:32  Probe (Chrono Boost)  
  32  3:33  Probe (Chrono Boost)  
  37  3:36  Pylon  
  37  3:40  Robotics Facility  
  37  4:02  Adept  
  39  4:14  Adept x2  
  37  4:42  Probe x2  
  36  4:54  Probe  
  36  4:55  Probe  
  38  5:06  Probe  
  39  5:07  Immortal, Probe  
  44  5:19  Probe x2 (Chrono Boost)  
  48  5:29  Probe x2 (Chrono Boost)  
  48  5:30  Adept, Pylon  
  48  5:32  Adept  
  48  5:33  Probe (Chrono Boost)  
  48  5:34  Probe (Chrono Boost)  
  52  5:36  Pylon  
  54  5:43  Assimilator  
  54  5:46  Assimilator  
  56  5:50  Probe (Chrono Boost)  
  56  5:51  Probe (Chrono Boost)  
  56  6:00  Probe x2 (Chrono Boost)  
  58  6:06  Observer  
  59  6:14  Nexus  
  59  6:17  Shield Battery  
  59  6:19  Shield Battery  
  59  6:24  Probe  
  59  6:25  Probe  
  61  6:27  Immortal  
  65  6:36  Probe  
  65  6:37  Probe  
  67  6:48  Probe  
  67  6:49  Probe  
  69  6:59  Pylon  
  69  7:02  Pylon  
  69  7:05  Forge  
  69  7:06  Forge  
  69  7:07  Probe  
  70  7:09  Twilight Council  
  70  7:13  Pylon  
  70  7:17  Probe  
  70  7:19  Pylon, Probe  
  70  7:20  Immortal (Chrono Boost)  
  76  7:23  Pylon  
  76  7:29  Probe  
  77  7:44  Protoss Ground Weapons Level 1  
  77  7:45  Protoss Ground Armor Level 1  
  77  7:46  Charge  
  77  7:50  Pylon  
  76  7:52  Immortal  
  76  7:54  Pylon  
  80  8:00  Gateway  
  80  8:01  Gateway  
  80  8:03  Sentry x3  
  86  8:06  Probe x3  
  86  8:11  Assimilator  
  89  8:15  Assimilator  
  89  8:18  Probe x3  
  92  8:30  Probe  
  92  8:31  Immortal  
  93  8:42  Zealot x2  
  89  9:00  Gateway  
  89  9:01  Gateway  
  89  9:03  Gateway  
  89  9:04  Gateway  
  89  9:14  Zealot  
  89  9:15  Zealot  
  89  9:16  Probe  
  95  9:17  Probe x2  
  95  9:22  Immortal  
  100  9:38  Zealot x2  
  76  9:59  Zealot x2  
  38  10:09  Zealot x2  
Show
View Real Time Build Order
Export as new Build Order

StormInWorld Zerg - Winner!

Build Orders: Hatch First 

Get SALT Encoding   

  12  0:01  Drone  
  13  0:12  Overlord  
  13  0:17  Drone  
  14  0:30  Drone x2  
  16  0:50  Hatchery  
  16  0:54  Drone  
  16  0:55  Drone  
  17  0:59  Drone  
  18  1:15  Spawning Pool  
  18  1:17  Extractor  
  16  1:25  Drone x2  
  18  1:49  Drone  
  18  1:50  Drone  
  20  1:55  Hatchery  
  19  2:12  Drone  
  20  2:16  Drone  
  20  2:18  Drone  
  20  2:21  Metabolic Boost  
  22  2:37  Queen x2  
  22  2:40  Zergling x4  
  28  2:46  Overlord  
  28  3:10  Drone x6  
  34  3:13  Queen  
  36  3:22  Drone x2  
  37  3:56  Spore Crawler  
  36  4:02  Lair  
  36  4:05  Spore Crawler, Drone x6  
  36  4:07  Overlord x3  
  36  4:08  Overlord  
  41  4:33  Zergling x14  
  47  4:45  Drone x2  
  48  4:46  Drone x2  
  48  4:48  Extractor  
  48  4:51  Roach Warren  
  49  5:02  Drone  
  49  5:03  Drone x8  
  49  5:05  Extractor  
  57  5:07  Extractor  
  55  5:23  Drone x11  
  66  5:32  Spore Crawler  
  65  5:44  Extractor  
  65  5:49  Drone  
  66  5:50  Drone x8  
  66  5:51  Overlord x4  
  66  5:52  Overlord  
  66  5:53  Glial Reconstitution  
  73  6:00  Evolution Chamber, Hydralisk Den  
  73  6:01  Evolution Chamber  
  70  6:05  Overlord  
  70  6:06  Extractor  
  69  6:11  Drone  
  69  6:12  Drone x2  
  72  6:20  Roach x3  
  72  6:21  Roach x5  
  72  6:22  Roach x4  
  96  6:34  Zerg Ground Armor Level 1, Zerg Missile Weapons Level 1  
  96  6:36  Grooved Spines  
  96  6:39  Overseer  
  96  6:59  Hydralisk x3  
  96  7:00  Roach x5, Hydralisk x3  
  96  7:01  Roach  
  120  7:03  Overlord x3  
  120  7:24  Hydralisk x7  
  120  7:28  Hydralisk  
  136  7:30  Hydralisk  
  136  7:33  Hydralisk  
  140  8:02  Hydralisk  
  140  8:03  Roach  
  140  8:04  Overlord x4  
  144  8:14  Muscular Augments  
  144  8:31  Hydralisk x12  
  162  8:55  Roach, Hydralisk x4  
  166  8:56  Roach x3  
  166  8:59  Overlord x4  
  166  9:00  Overlord  
  177  9:24  Extractor  
  177  9:25  Hatchery  
  177  9:28  Extractor  
  134  9:57  Roach x3, Zergling x2  
Tags
 
Add a new tag
Caveats
  • Supply blocks, unpowered buildings, or Contaminate may cause inaccurate times.
  • Supply counts are checked every 10 seconds.